 Dungeon Crawl Stone Soup version 0.18.1-8-gdd0e5ea (webtiles) character file.

2404 deorigin the Grappler (level 9, -4/76 HPs)
             Began as a Troll Warper on May 26, 2016.
             Was an Elder of Okawaru.
             Slain by a gnoll sergeant
             ... wielding a +1 spear of freezing
              (11 damage)
             ... on level 8 of the Dungeon.
             The game lasted 00:16:34 (6192 turns).

deorigin the Grappler (Troll Warper)                Turns: 6192, Time: 00:16:35

Health: -4/76      AC:  9    Str: 21    XL:     9   Next: 23%
Magic:  8/10       EV: 12    Int: 10    God:    Okawaru [****..]
Gold:   371        SH:  0    Dex: 11    Spells: 3 memorised, 4 levels left

rFire  . . .     SeeInvis .       - Unarmed
rCold  . . .     Gourm    +     C - +1 animal skin
rNeg   . . .     Faith    .     (no shield)
rPois  .         Spirit   .     (helmet restricted)
rElec  .         Dismiss  .     q - +2 cloak
rCorr  .         Reflect  .     (gloves unavailable)
SustAt .         Harm     .     (boots unavailable)
MR     .....                    g - amulet of regeneration
Stlth  ++........               (no ring)
                                (no ring)

@: heroism, not resistant to hostile enchantments, unstealthy
A: unfitting armour, claws 3, fast metabolism 3, gourmand, regeneration 2,
shaggy fur 1, tough skin 2
a: Heroism, Renounce Religion


You were on level 8 of the Dungeon.
You worshipped Okawaru.
Okawaru was greatly pleased with you.
You were very full.

You visited 1 branch of the dungeon, and saw 8 of its levels.

You collected 371 gold pieces.

Inventory:

Hand Weapons
 n - a +1 flail of protection
 E - a +0 giant spiked club
 M - a +0 great mace
Missiles
 d - 4 tomahawks of dispersal
 s - 4 large rocks (quivered)
 I - 8 tomahawks
 L - 2 javelins
Armour
 a - a +0 robe
 q - a +2 cloak (worn)
 y - a +0 shield
 C - a +1 animal skin (worn)
Jewellery
 g - an amulet of regeneration (around neck)
Wands
 o - a wand of digging (1/24)
 v - a wand of enslavement (4/24)
 A - a wand of enslavement (15/24)
Scrolls
 c - 3 scrolls of blinking
 l - 2 scrolls of teleportation
 p - 4 scrolls of remove curse
 x - 3 scrolls of noise
 z - a scroll of enchant weapon
 B - a scroll of enchant armour
 F - a scroll of amnesia
 G - a scroll of random uselessness
 H - a scroll of immolation {unknown}
 N - a scroll of fog {unknown}
Potions
 e - 2 potions of invisibility
 h - 3 potions of flight
 i - 2 potions of degeneration
 j - a potion of berserk rage
 m - 2 potions of lignification
 r - 2 potions of mutation
 t - a potion of agility
 u - a potion of cancellation
 K - a potion of curing
Books
 b - a book of Spatial Translocations

   Spells                             Type                      Level
   a - Apportation                    Translocation                1
   b - Blink                          Translocation                2
   c - Shroud of Golubria             Charms/Translocation         2
   d - Portal Projectile              Translocation                3
   e - Teleport Other                 Translocation                3
   f - Passage of Golubria            Translocation                4
Comestibles
 f - 6 bread rations
 k - 2 meat rations
 w - a slice of pizza
 D - 3 beef jerkies
 J - 4 fruits


   Skills:
 - Level 1.5(6.5) Fighting
 - Level 3.3(8.3) Throwing
 - Level 1.9(6.9) Dodging
 + Level 11.2(16.2) Unarmed Combat
 - Level 1.2 Spellcasting
 - Level 2.1 Translocations
 * Level 3.3 Invocations


You had 4 spell levels left.
You knew the following spells:

 Your Spells              Type           Power        Failure   Level  Hunger
a - Apportation           Tloc           #.........   14%         1    ##.....
b - Blink                 Tloc           N/A          21%         2    ###....
c - Portal Projectile     Tloc           #.....       38%         3    ####...


Dungeon Overview and Level Annotations

Branches:
Dungeon (8/15)             Temple (0/1) D:7
   Lair: D:8-11

Altars:
Ashenzari
Cheibriados
Dithmenos
Fedhas
Makhleb
Okawaru
Pakellas
Qazlal
Sif Muna
Xom
Yredelemnul
Zin
The Shining One


Innate Abilities, Weirdness & Mutations

You are too large for most types of armour.
You have claws for hands.
Your metabolism is lightning-fast.
You like to eat raw meat.
You heal very quickly.
You are covered in fur (AC +1).
You have very tough skin (AC +2).


Message History

You feel slightly less full.
The gnoll sergeant hits you with a spear of freezing.
* * * LOW HITPOINT WARNING * * *
The gnoll sergeant freezes you.
* * * LOW HITPOINT WARNING * * *
You scratch the gnoll sergeant.
The gnoll sergeant is almost dead.
The gnoll sergeant hits you with a spear of freezing.
* * * LOW HITPOINT WARNING * * *
The gnoll sergeant freezes you.
* * * LOW HITPOINT WARNING * * *
The gnoll sergeant blocks your attack.
The gnoll sergeant is almost dead.
You barely miss the gnoll sergeant. Your claw misses the gnoll sergeant.
The gnoll sergeant is almost dead.
The gnoll sergeant misses you. The gnoll sergeant blocks your attack.
The gnoll sergeant is almost dead.
The gnoll sergeant hits you with a spear of freezing!
You die...

## ####### .g
#.....#
#g####.....###
#gg@).....^..#
######.....#.#####.#
#.....#.<..[...
#############.#


You could see a gnoll sergeant and 3 gnolls.

Vanquished Creatures
  A hill giant (D:7)
  Prince Ribbit (D:7)
  The ghost of Metae the Ruffian, an amateur MiMo of Okawaru (D:6)
  An orc warrior (D:8)
  A sky beast (D:6)
  A phantom (D:4)
  An ogre (D:4)
  A giant frog (D:7)
  A scorpion (D:7)
  2 crimson imps
  A howler monkey (D:6)
  A centaur skeleton (D:6)
  3 orc wizards
  Crazy Yiuf (D:5)
  4 hounds
  3 orc priests
  4 jellies
  Natasha (thrice) (D:2)
  Terence (D:2)
  4 iguanas
  2 worker ants
  A hound zombie (D:6)
  Robin (D:3)
  6 gnolls
  9 adders
  A shadow imp (D:7)
  An ooze (D:1)
  An adder zombie (D:6)
  An adder skeleton (D:7)
  6 worms
  A dart slug (D:1)
  4 giant geckos
  15 orcs
  10 bats
  3 giant cockroaches
  3 hobgoblins
  12 jackals
  4 quokkas
  6 ball pythons
  7 giant newts
  16 goblins
  A jackal skeleton (D:5)
  4 kobolds
  9 rats
160 creatures vanquished.

Notes
Turn   | Place    | Note
--------------------------------------------------------------
     0 | D:1      | deorigin the Troll Warper began the quest for the Orb.
     0 | D:1      | Reached XP level 1. HP: 19/19 MP: 1/1
    44 | D:1      | Reached XP level 2. HP: 25/27 MP: 2/2
   105 | D:1      | Reached skill level 3 in Unarmed Combat
   344 | D:1      | Reached XP level 3. HP: 30/33 MP: 3/3
   892 | D:1      | Reached skill level 4 in Unarmed Combat
  1000 | D:2      | Noticed Terence
  1012 | D:2      | Killed Terence
  1012 | D:2      | Reached XP level 4. HP: 30/41 MP: 4/4
  1098 | D:2      | Found an iron altar of Okawaru.
  1118 | D:2      | Became a worshipper of Warmaster Okawaru
  1163 | D:2      | Found a snail-covered altar of Cheibriados.
  1199 | D:2      | Learned a level 2 spell: Blink
  1229 | D:2      | Found a basalt altar of Yredelemnul.
  1235 | D:2      | Reached skill level 1 in Throwing
  1266 | D:2      | Noticed Natasha
  1288 | D:2      | Killed Natasha
  1288 | D:2      | Reached skill level 5 in Unarmed Combat
  1288 | D:2      | Reached XP level 5. HP: 30/48 MP: 5/5
  1317 | D:2      | Noticed Natasha
  1331 | D:2      | Killed Natasha
  1561 | D:2      | Noticed Natasha
  1574 | D:2      | Killed Natasha
  1727 | D:2      | Found a shimmering altar of Xom.
  1732 | D:2      | Paralysed by an orc for 5 turns
  2018 | D:3      | Noticed Robin
  2041 | D:3      | Killed Robin
  2162 | D:3      | Reached skill level 6 in Unarmed Combat
  2162 | D:3      | Reached XP level 6. HP: 48/55 MP: 6/6
  2174 | D:3      | Learned a level 3 spell: Portal Projectile
  2414 | D:4      | Reached * piety under Okawaru
  2907 | D:4      | Reached skill level 7 in Unarmed Combat
  2907 | D:4      | Reached XP level 7. HP: 55/62 MP: 7/7
  3383 | D:4      | Found an oddly glowing altar of Pakellas.
  3542 | D:5      | Entered Level 5 of the Dungeon
  3555 | D:5      | Found a shadowy altar of Dithmenos.
  3630 | D:5      | Reached skill level 8 in Unarmed Combat
  4089 | D:5      | Noticed Crazy Yiuf
  4094 | D:5      | Killed Crazy Yiuf
  4094 | D:5      | Reached ** piety under Okawaru
  4302 | D:6      | Noticed Metae's ghost (amateur MiMo)
  4375 | D:6      | Killed Metae's ghost
  4527 | D:6      | Reached XP level 8. HP: 70/70 MP: 8/8
  4945 | D:6      | Found a shimmering altar of Xom.
  4947 | D:6      | Noticed an angel
  4949 | D:6      | Found a glowing silver altar of Zin.
  4998 | D:6      | Reached skill level 9 in Unarmed Combat
  4998 | D:6      | Reached skill level 1 in Invocations
  5387 | D:7      | Noticed Prince Ribbit
  5397 | D:7      | Killed Prince Ribbit
  5397 | D:7      | Reached *** piety under Okawaru
  5397 | D:7      | Reached skill level 10 in Unarmed Combat
  5605 | D:7      | Found a staircase to the Ecumenical Temple.
  5680 | D:7      | Found a glowing golden altar of the Shining One.
  5681 | D:7      | Found a burning altar of Makhleb.
  5681 | D:7      | Found a deep blue altar of Sif Muna.
  5681 | D:7      | Found a blossoming altar of Fedhas.
  5694 | D:7      | Found a shattered altar of Ashenzari.
  5694 | D:7      | Found a stormy altar of Qazlal.
  5835 | D:7      | Noticed a hill giant
  5839 | D:7      | Killed a hill giant
  5839 | D:7      | Reached skill level 11 in Unarmed Combat
  5839 | D:7      | Reached XP level 9. HP: 10/76 MP: 7/10
  6179 | D:8      | Reached **** piety under Okawaru
  6192 | D:8      | Slain by a gnoll sergeant

Skill      XL: |  1  2  3  4  5  6  7  8 |
---------------+-------------------------+-----
Unarmed Combat | 3 4 5 6 7 8 11 | 11.2
Throwing       | 1 2 3 |  3.3
Invocations    | 3 |  3.3
Fighting       | |  1.5
Dodging        | |  1.9
Spellcasting   | |  1.2
Translocations | |  2.1

Action                   |  1- 3 |  4- 6 |  7- 9 || total
-------------------------+-------+-------+-------++-------
Melee: Unarmed           |    93 |   245 |   176 ||   514
       Punch             |     1 |     5 |     5 ||    11
Throw: Large rock        |       |       |     1 ||     1
       Tomahawk          |       |       |     1 ||     1
Invok: Heroism           |       |       |     2 ||     2
  Use: Scroll            |       |    11 |     4 ||    15
  Eat: Chunk             |    15 |    16 |    30 ||    61
Armor: Robe              |    40 |    69 |       ||   109
       Animal skin       |       |    39 |    45 ||    84
Dodge: Dodged            |    52 |   107 |    74 ||   233
